 Dungeon Crawl Stone Soup version 0.28.0-47-ge53b351184 (console) character file.

Game seed: 11912664900306618201

3404 Cab the Cleaver (level 9, 0/56 HPs)
             Began as a Demonspawn Fighter on May 5, 2022.
             Was a Priest of Hepliaklqana.
             Slain by a gargoyle
             ... wielding a +0 mace
              (12 damage)
             ... on level 7 of the Dungeon.
             The game lasted 00:23:44 (6139 turns).

Cab the Cleaver (Demonspawn Fighter)                Turns: 6139, Time: 00:23:45

Health: 0/56       AC: 13    Str: 20    XL:     9   Next: 75%
Magic:  9/9        EV:  7    Int: 10    God:    Hepliaklqana [***...]
Gold:   363        SH:  4    Dex: 13    Spells: 8/8 levels left

rFire   . . .      SeeInvis .   a - +1 war axe (spect)
rCold   . . .      Faith    .   c - +0 buckler
rNeg    . . .      Spirit   .   n - +1 chain mail {rPois}
rPois   +          Reflect  .   (no helmet)
rElec   .          Harm     .   f - +2 cloak
rCorr   .          Rampage  .   (no gloves)
Will    .....                   (no boots)
Stlth   ..........              (no amulet)
HPRegen 0.18/turn               l - ring of poison resistance
MPRegen 0.11/turn               y - ring of wizardry

@: no status effects
A: reduced essence, claws 1, powered by death 2, demonic magic 1
a: Renounce Religion, Recall Ancestor, Ancestor Identity, Transference


You were on level 7 of the Dungeon.
You worshipped Hepliaklqana.
Hepliaklqana was most pleased with you.
You visited 1 branch of the dungeon, and saw 7 of its levels.
You also visited: Sewer.

You collected 363 gold pieces.

Inventory:

Hand Weapons
 a - a +1 spectral war axe (weapon)
 q - a +1 dire flail of protection
 s - a +0 battleaxe
Missiles
 d - 12 poisoned darts (quivered)
 o - a throwing net
Armour
 c - a +0 buckler (worn)
 f - a +2 cloak (worn)
 n - a +1 chain mail of poison resistance (worn)
Jewellery
 l - a ring of poison resistance (left claw)
 w - an amulet of magic regeneration
 y - a ring of wizardry (right claw)
Wands
 t - a wand of paralysis (4)
 u - a wand of flame (31)
Scrolls
 b - a scroll of teleportation
 g - 2 scrolls of immolation
Potions
 e - a potion of degeneration
 h - 4 potions of flight
 i - a potion of heal wounds
 j - a potion of resistance {unknown}
 k - 2 potions of curing
 m - a potion of ambrosia {unknown}
 p - a potion of berserk rage {unknown}
 r - a potion of brilliance {unknown}
 v - 2 potions of mutation {unknown}
 x - a potion of cancellation {unknown}


   Skills:
 - Level 3.0 Fighting
 + Level 12.8 Axes
 + Level 0.2 Throwing
 - Level 2.6 Armour
 - Level 2.6 Shields


You had 8 spell levels left.
You didn't know any spells.
Your spell library contained the following spells:

 Spells                   Type           Power      Damage    Failure   Level
 Magic Dart               Conj           0%         1d3       89%         1
 Slow                     Hex            0%         N/A       89%         1
 Sting                    Tmut/Pois      0%         1d3       89%         1
 Blink                    Tloc           0%         N/A       96%         2
 Call Imp                 Summ           0%         N/A       96%         2
 Ensorcelled Hibernation  Hex/Ice        0%         N/A       96%         2
 Poisonous Vapours        Pois/Air       0%         N/A       96%         2
 Confusing Touch          Hex            0%         N/A       99%         3
 Conjure Flame            Conj/Fire      0%         6-21      99%         3
 Ignite Poison            Fire/Tmut/Pois 0%         N/A       99%         3
 Lesser Beckoning         Tloc           0%         N/A       99%         3
 Mephitic Cloud           Conj/Pois/Air  0%         N/A       99%         3
 Spider Form              Tmut/Pois      0%         N/A       99%         3
 Stone Arrow              Conj/Erth      0%         3d7       99%         3
 Vampiric Draining        Necr           0%         2d6       99%         3
 Anguish                  Hex/Necr       0%         N/A       100%        4
 Animate Armour           Summ/Erth      0%         N/A       100%        4
 Olgreb's Toxic Radiance  Pois           0%         N/A       100%        4
 Sticky Flame             Conj/Fire      0%         2d3       100%        4
 Manifold Assault         Tloc           0%         N/A       100%        5
 Lehudib's Crystal Spear  Conj/Erth      0%         10d2      100%        8


Dungeon Overview and Level Annotations

Branches:
Dungeon (7/15)             Temple (0/1) D:6           Sewer (visited)

Altars:
Gozag
Hepliaklqana
Nemelex Xobeh
Sif Muna
Trog
Wu Jian

Shops:
D:4 *   D:7 :


Innate Abilities, Weirdness & Mutations

Your life essence is reduced to manifest your ancestor. (-10% HP)
You have sharp fingernails.
You regenerate health from kills.
Spells you cast may paralyse adjacent enemies.


Message History

Your +1 spectral war axe hits the gargoyle.
The gargoyle closely misses you.
You hit the gargoyle.
The gargoyle is moderately damaged.
Your +1 spectral war axe hits the gargoyle but does no damage.
Beldrama hits the gargoyle but does no damage.
The gargoyle hurls a stone arrow at you.
The stone arrow hits you.
* * * LOW HITPOINT WARNING * * *
You feel much better.
Beldrama casts a spell at the gargoyle.
The gargoyle appears confused.
The gargoyle hits you with a +0 mace!
Press: ? - help, v - describe, . - travel
Here: a gargoyle, wielding a +0 mace (moderately damaged, confused, ally target)
An open door, spattered with blood.
You hit the gargoyle.
The gargoyle is moderately damaged.
Your +1 spectral war axe barely misses the gargoyle.
Beldrama hits the gargoyle but does no damage.
The gargoyle hits Beldrama with a +0 mace!
Press: ? - help, v - describe, . - travel
Here: a gargoyle, wielding a +0 mace (moderately damaged, confused, ally target)
An open door, spattered with blood.
You barely miss the gargoyle.
The gargoyle is moderately damaged.
Your +1 spectral war axe barely misses the gargoyle.
Beldrama hits the gargoyle but does no damage.
You slash the gargoyle!
The gargoyle is severely damaged.
Your +1 spectral war axe hits the gargoyle but does no damage.
The gargoyle hits you with a +0 mace!
Beldrama hits the gargoyle but does no damage.
Press: ? - help, v - describe, . - travel
Here: a gargoyle, wielding a +0 mace (severely damaged, confused, ally target)
An open door, spattered with blood.
You barely miss the gargoyle.
The gargoyle is severely damaged.
Your +1 spectral war axe hits the gargoyle but does no damage.
The gargoyle hits you with a +0 mace!
You die...

▒▒▒ ▒▒▒∙∙∙∙∙▒
▒▒▒∙▒▒▒8▒▒▒∙∙∙▒▒▒
▒8▒▒)∙'▒▒ ▒∙∙∙∙∙▒
▒▒▒'∙∙∙∙∙■▒▒▒∙▒▒∙▒▒▒
▒8▒∙∙∙∙∙∙∙▒[▒∙∙∙∙∙∙▒
▒'∙∙∙∙∙∙∙)▒▒∙∙▒∙▒∙▒
▒R∙∙∙8∙∙∙∙▒▒∙∙∙∙∙∙∙
▒9(∙∙∙∙∙∙■▒▒∙∙▒∙▒∙▒
▒)▒@∙∙∙∙∙∙▒ ▒∙∙∙∙∙∙▒
▒▒▒■∙∙∙∙∙■▒▒▒∙▒▒∙▒▒▒
▒▒∙∙∙▒▒ ▒∙∙▒▒∙▒ ▒
▒8∙∙∙8▒▒▒∙▒▒▒∙▒
∙∙∙▒▒∙^∙▒▒∙∙∙▒ ▒∙▒
▒∙∙∙∙∙∙∙∙∙▒▒▒ ▒∙▒▒▒
∙∙∙∙▒∙∙∙∙∙▒▒ ▒∙∙∙∙
▒▒▒∙▒∙∙▒▒∙▒ ▒∙∙▒∙ ▒
▒∙∙∙∙∙▒ ▒∙∙∙∙


You could see the friendly Beldrama the hexer, a gargoyle (confused, ally
target) and a friendly +1 spectral war axe (summoned).

Vanquished Creatures
  Pikel (D:5)
  2 gargoyles (D:7)
  Prince Ribbit (D:5)
  Sigmund (D:2)
  Menkaure (D:7)
  Edmund (D:5)
  A water moccasin (D:5)
  An ice beast (D:6)
  2 ogres (D:5)
  2 kobold brigands (Sewer)
  A wyvern zombie (D:7)
  A water moccasin skeleton (D:5)
  A howler monkey (D:6)
  2 centaur zombies (D:7)
  2 bullfrog zombies
  6 hounds
  Crazy Yiuf (D:5)
  A centaur skeleton (D:5)
  3 orc priests
  Jessica (D:2)
  5 orc wizards
  3 hound skeletons
  2 howler monkey skeletons
  5 adders
  2 white imps
  3 ufetubi
  4 worms (D:2)
  3 dart slugs (D:1)
  11 orcs
  4 ball pythons
  6 endoplasms
  4 giant cockroaches
  5 goblins
  10 hobgoblins
  12 jackals
  3 quokkas
  2 bats
  3 frilled lizards (D:2)
  9 kobolds
  10 rats
138 creatures vanquished.

Vanquished Creatures (collateral kills)
  An orc warrior (D:7)
  2 scorpions (D:6)
  2 orc wizards
5 creatures vanquished.

Vanquished Creatures (others)
  An orc warrior (D:6)
  2 hexers (D:7)
  An ancestor (D:5)
  An adder (D:6)
  An orc (D:6)
  4 plants (D:2)
10 creatures vanquished.

Grand Total: 153 creatures vanquished

Notes
Turn   | Place    | Note
-------+----------+-------------------------------------------
     0 | D:1      | Cab the Demonspawn Fighter began the quest for the Orb.
     0 | D:1      | Reached XP level 1. HP: 18/18 MP: 1/1
    54 | D:1      | Reached skill level 2 in Axes
   388 | D:1      | Gained mutation: Spells you cast may paralyse adjacent
                  | enemies. [demonic ancestry]
   388 | D:1      | Reached XP level 2. HP: 18/24 MP: 2/2
   530 | D:1      | Reached skill level 3 in Axes
   797 | D:1      | Reached XP level 3. HP: 29/29 MP: 3/3
  1104 | D:2      | Noticed Jessica
  1109 | D:2      | Killed Jessica
  1110 | D:2      | Reached skill level 4 in Axes
  1110 | D:2      | Reached XP level 4. HP: 35/35 MP: 4/4
  1233 | D:2      | Found a faded altar of an unknown god.
  1267 | D:2      | Noticed Sigmund
  1275 | D:2      | Killed Sigmund
  1276 | D:2      | Reached skill level 5 in Axes
  1276 | D:2      | Reached XP level 5. HP: 28/41 MP: 5/5
  1736 | D:2      | Reached XP level 6. HP: 40/47 MP: 6/6
  2111 | D:3      | Found a hazy altar of Hepliaklqana.
  2120 | D:3      | Became a worshipper of Hepliaklqana the Forgotten
  2130 | D:3      | Reached skill level 6 in Axes
  2279 | D:3      | Found a glowing drain.
  2290 | Sewer    | Entered a sewer
  2753 | D:3      | Found an opulent altar of Gozag.
  3115 | D:4      | Reached * piety under Hepliaklqana
  3179 | D:4      | Reached skill level 7 in Axes
  3258 | D:4      | Found Kicaxa's Neck Hole.
  3358 | D:4      | Gained mutation: You regenerate a little health from kills.
                  | [demonic ancestry]
  3358 | D:4      | Reached XP level 7. HP: 46/46 MP: 7/7
  3503 | D:4      | Found a sparkling altar of Nemelex Xobeh.
  3834 | D:5      | Entered Level 5 of the Dungeon
  3853 | D:5      | Noticed Pikel
  3856 | D:5      | Found an ornate altar of the Wu Jian Council.
  3869 | D:5      | Killed Pikel
  3870 | D:5      | Reached skill level 8 in Axes
  3870 | D:5      | Gained mutation: You regenerate health from kills. [demonic
                  | ancestry]
  3870 | D:5      | Reached XP level 8. HP: 35/52 MP: 8/8
  3952 | D:5      | Noticed Prince Ribbit
  3957 | D:5      | Killed Prince Ribbit
  3958 | D:5      | Reached skill level 9 in Axes
  4095 | D:5      | Reached skill level 10 in Axes
  4116 | D:5      | Reached ** piety under Hepliaklqana
  4117 | D:5      | Remembered your ancestor Beldrama as a hexer
  4163 | D:5      | Noticed Edmund
  4173 | D:5      | Killed Edmund
  4301 | D:5      | Found a runed translucent door.
  4302 | D:5      | Noticed Crazy Yiuf
  4310 | D:5      | Killed Crazy Yiuf
  4494 | D:6      | Gained mutation: You have sharp fingernails. [demonic
                  | ancestry]
  4494 | D:6      | Reached XP level 9. HP: 56/56 MP: 9/9
  4503 | D:6      | Reached skill level 11 in Axes
  4555 | D:6      | Found a staircase to the Ecumenical Temple.
  5103 | D:7      | Found Jius's Book Boutique.
  5151 | D:7      | Found a shimmering blue altar of Sif Muna.
  5179 | D:7      | Found a bloodstained altar of Trog.
  5404 | D:7      | Noticed a two-headed ogre
  5727 | D:7      | Reached *** piety under Hepliaklqana
  5836 | D:7      | Noticed Menkaure
  5853 | D:7      | Killed Menkaure
  5854 | D:7      | Reached skill level 12 in Axes
  5959 | D:7      | Noticed a gargoyle
  5965 | D:7      | Killed a gargoyle
  6110 | D:7      | Noticed a gargoyle
  6113 | D:7      | Killed a gargoyle
  6130 | D:7      | Noticed a gargoyle
  6139 | D:7      | Slain by a gargoyle

Illustrated notes

Levels and vault maps discovered:
D:1:      roderic_dead_forest, layout_basic, minmay_splitting_lines,
          kennysheep_pointless_box
D:2:      layout_basic, shapermc_ecumenical_altar_mp_ritualfount, uniq_sigmund,
          uniq_jessica
D:3:      layout_basic, mainiacjoe_overflow_small_starburst,
          nicolae_gozag_cash_rules_everything_around_me, portal_sewer_entry_b
D:4:      layout_cave_pods, nemelex_spade_bored_becter,
          nicolae_shop_sticking_my_neck_out
D:5:      layout_cave_pools, nzn_wu_jian_council_hall, serial_glass,
          glass_columns_a, glass_columns_a, glass_columns_b, minmay_bent,
          uniq_prince_ribbit1, uniq_crazy_yiuf_cottage, uniq_pikel, uniq_edmund
D:6:      lemuel_ice_spiral_2, layout_rooms, minmay_temple_entry_large_hall
D:7:      cheibrodos_statue_roulette, layout_loops_ring,
          nzn_overflow_gifts_of_might_and_magic, serial_shops,
          nicolae_lakefront_shop, serial_glass, glass_columns_a,
          glass_columns_c, glass_columns_a, glass_columns_a, glass_columns_a,
          glass_columns_a, glass_columns_a, glass_columns_a, uniq_menkaure

Skill      XL: |  1  2  3  4  5  6  7  8  9 |
---------------+----------------------------+-----
Axes           | 2 3 4 5 7 8 10 12 | 12.8
Fighting       | |  3.0
Throwing       | |  0.2
Armour         | |  2.6
Shields        | |  2.6

Action                   |  1- 3 |  4- 6 |  7- 9 || total
-------------------------+-------+-------+-------++-------
Melee: War axe           |    64 |   120 |   130 ||   314
Throw: Dart              |       |       |     2 ||     2
Invok: Ancestor Identity |       |     1 |       ||     1
       Ancestor Life: He |       |       |     1 ||     1
  Use: Potion            |       |     1 |     2 ||     3
       Scroll            |       |     8 |     3 ||    11
 Stab: Invisible         |       |       |     2 ||     2
       Distracted        |       |       |     1 ||     1
       Confused          |       |       |     1 ||     1
Armor: Scale mail        |    45 |    39 |       ||    84
       Chain mail        |       |       |    47 ||    47
Dodge: Dodged            |    25 |    37 |    24 ||    86
Block: Buckler           |    13 |    26 |    15 ||    54
